 Dungeon Crawl Stone Soup version 0.22-a0-3-g4fa69d9 (webtiles) character file.

1636 Faca the Chopper (level 9, -1/97 (102) HPs)
             Began as a Formicid Fighter on Jan 1, 2018.
             Slain by a troll (7 damage)
             ... on level 6 of the Dungeon.
             The game lasted 00:09:32 (4162 turns).

Faca the Chopper (Formicid Fighter)                 Turns: 4162, Time: 00:09:34

HP:   -1/97 (102)   AC: 24    Str: 23    XL:     9   Next: 18%
MP:   9/9           EV:  2    Int:  7    God:
Gold: 221           SH: 11    Dex: 16    Spells: 8/8 levels left

rFire    . . .     SeeInvis .   a - +1 war axe
rCold    . . .     Gourm    .   c - +0 shield
rNeg     + + +     Faith    .   (armour currently unavailable)
rPois    +         Spirit   .   (helmet unavailable)
rElec    .         Reflect  .   (cloak currently unavailable)
rCorr    .         Harm     .   (gloves currently unavailable)
MR       .....                  (boots currently unavailable)
Stlth    ++........             (no amulet)
HPRegen  0.26/turn              k - ring of poison resistance
MPRegen  0.11/turn              r - +4 ring of dexterity

@: tree-form
A: permanent stasis, dig shafts and tunnels, four strong arms
a: no special abilities


You were on level 6 of the Dungeon.
You were hungry.
You were a tree.
You visited 1 branch of the dungeon, and saw 6 of its levels.

You collected 221 gold pieces.

Inventory:

Hand Weapons
 a - a +1 war axe (weapon)
Armour
 b - a +0 scale mail (melded)
 c - a +0 shield (worn)
 m - a cursed +0 large shield
Jewellery
 k - a ring of poison resistance (left branch)
 r - a +4 ring of dexterity (right branch)
 s - an uncursed ring of flight
Scrolls
 p - 2 scrolls of remove curse
 q - a scroll of fog
Potions
 d - 2 potions of might
 e - 2 potions of curing
 g - 2 potions of cancellation
 h - a potion of heal wounds {unknown}
 j - 3 potions of lignification
 l - a potion of mutation {unknown}
 n - 2 potions of haste {unknown}
 o - a potion of resistance
Comestibles
 f - 8 rations


   Skills:
 + Level 5.6 Fighting
 + Level 7.7 Axes
 + Level 6.2 Armour
 - Level 1.2 Dodging
 + Level 0.4 Stealth
 + Level 6.5 Shields


You had 8 spell levels left.
You didn't know any spells.

Dungeon Overview and Level Annotations

Branches:
Dungeon (6/15)
 Temple: D:4-7

Altars:
Cheibriados
Hepliaklqana
Nemelex Xobeh
Qazlal
Sif Muna
Wu Jian

Annotations:
D:3 Blork the orc


Innate Abilities, Weirdness & Mutations

You cannot be hasted, slowed, berserked, paralysed or teleported.
You can dig through walls and to a lower floor.
Your four strong arms can wield two-handed weapons with a shield.
((You have a pair of large antennae on your head. (SInv)))


Message History

You closely miss the troll.
You hit the crimson imp but do no damage.
The crimson imp grins evilly.
The crimson imp hits you but does no damage.
The troll bites you but does no damage.
The troll claws you but does no damage. x2
You barely miss the troll. You hit the crimson imp.
You block the crimson imp's attack. The troll barely misses you.
You block the troll's attack. The troll claws you but does no damage.
You closely miss the troll. You hit the crimson imp.
The crimson imp hits you but does no damage.
The troll barely misses you. The troll claws you.
* * * LOW HITPOINT WARNING * * *
The troll claws you but does no damage.
Your shield prevents you from hitting the troll.
You barely miss the crimson imp.
The crimson imp hits you but does no damage.
The troll bites you.
* * * LOW HITPOINT WARNING * * *
The troll claws you!
You die...

#...# #...# #.......#
#...# #.......# #...#
#.......#### ##.##
#........... #.#
#..>........ #.#
#........... ### #.#
#...5....... ..### #.#
#♣T## #...####.####
##(..#...
###.........###.........
# #.............###....#
###............## ....#
..######....#.## ##.#
#.####...####.# #
#......#.# ..#
##.....#.# ....


You could see a troll and a crimson imp.

Vanquished Creatures
  The ghost of mirrorencyclopedia the Basher, a novice GrGl of Cheibriados (D:5)
  An ice beast (D:6)
  A phantom (D:5)
  2 sky beasts
  A necrophage (D:5)
  The ghost of mirrorencyclopedia the Cudgeler, an amateur DsBe of Trog (D:3)
  3 ogres
  A centaur (D:6)
  2 howler monkeys
  2 crimson imps (D:5)
  A centaur zombie (D:4)
  A centaur skeleton (D:4)
  A hound (D:6)
  An iron imp (D:4)
  Jessica (D:2)
  An iguana (D:5)
  A worker ant (D:4)
  4 gnolls (D:4)
  5 adders
  3 oozes
  5 worms
  3 dart slugs
  4 leopard geckos
  7 orcs
  2 ball pythons
  10 bats
  9 giant cockroaches
  5 hobgoblins
  12 jackals
  2 quokkas (D:2)
  A ball python zombie (D:5)
  6 frilled lizards
  3 goblins
  A jackal skeleton (D:4)
  5 kobolds
  7 rats
116 creatures vanquished.

Notes
Turn   | Place    | Note
-------+----------+-------------------------------------------
     0 | D:1      | Faca the Formicid Fighter began the quest for the Orb.
     0 | D:1      | Reached XP level 1. HP: 18/18 MP: 1/1
    92 | D:1      | Reached XP level 2. HP: 22/24 MP: 2/2
   372 | D:1      | Reached XP level 3. HP: 29/29 MP: 3/3
  1028 | D:2      | Noticed Jessica
  1035 | D:2      | Killed Jessica
  1035 | D:2      | Reached XP level 4. HP: 18/35 MP: 4/4
  1415 | D:3      | Found a sparkling altar of Nemelex Xobeh.
  1439 | D:3      | Found an ornate altar of the Wu Jian Council.
  1498 | D:3      | Reached skill level 3 in Axes
  1505 | D:3      | Reached XP level 5. HP: 31/41 MP: 5/5
  1532 | D:3      | Noticed mirrorencyclopedia's ghost (amateur DsBe)
  1683 | D:3      | Killed mirrorencyclopedia's ghost
  1683 | D:3      | Reached XP level 6. HP: 25/48 MP: 6/6
  1853 | D:3      | Reached skill level 5 in Shields
  1870 | D:3      | Noticed a sky beast
  1883 | D:3      | Killed a sky beast
  1883 | D:3      | Reached skill level 4 in Axes
  1883 | D:3      | Reached skill level 1 in Dodging
  2210 | D:3      | Noticed Blork the orc
  2275 | D:3      | Found a deep blue altar of Sif Muna.
  2430 | D:4      | Reached XP level 7. HP: 34/54 MP: 7/7
  2513 | D:4      | Found a hazy altar of Hepliaklqana.
  2609 | D:4      | Reached skill level 5 in Axes
  3131 | D:4      | Reached XP level 8. HP: 58/61 MP: 8/8
  3140 | D:4      | Found a snail-covered altar of Cheibriados.
  3227 | D:5      | Entered Level 5 of the Dungeon
  3241 | D:5      | Reached skill level 6 in Axes
  3241 | D:5      | Reached skill level 5 in Armour
  3803 | D:5      | Noticed mirrorencyclopedia's ghost (novice GrGl)
  3821 | D:5      | Killed mirrorencyclopedia's ghost
  3821 | D:5      | Reached skill level 5 in Fighting
  3827 | D:5      | Reached skill level 7 in Axes
  3829 | D:5      | Reached XP level 9. HP: 42/65 MP: 9/9
  3860 | D:5      | Found a stormy altar of Qazlal.
  4148 | D:6      | Noticed a troll
  4162 | D:6      | Slain by a troll

Vault maps used:
D:1:      enne_arrival_octagon_isle, minmay_pentomino_o2
D:2:      uniq_jessica
D:3:      lemuel_doored_altar, tgw_sif, nemelex_xobeh_ov_fountains_minmay
D:4:      lemuel_crystal_altar, first_ration, minmay_tree_intersection,
          chei_slow_surprise
D:5:      nicolae_qazlal_general_emergency
D:6:      lemuel_crystal_altar

Skill      XL: |  1  2  3  4  5  6  7  8 |
---------------+-------------------------+-----
Shields        | 4 5 6 |  6.5
Axes           | 3 4 5 7 |  7.7
Armour         | 4 6 |  6.2
Fighting       | 4 5 |  5.6
Dodging        | 1 |  1.2
Stealth        | |  0.4

Action                   |  1- 3 |  4- 6 |  7- 9 || total
-------------------------+-------+-------+-------++-------
Melee: War axe           |   112 |   136 |   169 ||   417
 Abil: Dig               |       |     2 |       ||     2
  Use: Scroll            |     5 |     1 |     6 ||    12
       Potion            |       |     1 |     2 ||     3
  Eat: Chunk             |     1 |     3 |       ||     4
       Ration            |       |     1 |     1 ||     2
Armor: Scale mail        |    51 |    57 |    42 ||   150
       Skin              |       |       |    11 ||    11
Dodge: Dodged            |    39 |    83 |    53 ||   175
Block: Shield            |    65 |    91 |    83 ||   239

Table legend:
 A = Spawn XP
 B = Non-spawn XP
 C = Spawn XP percentage of total XP
 D = Spawn monster count
 E = Non-spawn monster count
 F = Spawn count percentage of total count
 G = Total turns spent on level
                    A         B        C        D         E        F      G
               +---------+---------+-------+---------+---------+-------+---------
         Total |       0 |    2338 |   0.0 |       0 |     116 |   0.0 |  4162
               +---------+---------+-------+---------+---------+-------+---------
           D:1 |       0 |      36 |   0.0 |       0 |      20 |   0.0 |   622
           D:2 |       0 |      71 |   0.0 |       0 |      14 |   0.0 |   784
           D:3 |       0 |     343 |   0.0 |       0 |      32 |   0.0 |   976
           D:4 |       0 |     559 |   0.0 |       0 |      25 |   0.0 |   845
           D:5 |       0 |    1042 |   0.0 |       0 |      18 |   0.0 |   803
           D:6 |       0 |     287 |   0.0 |       0 |       7 |   0.0 |   132
               +---------+---------+-------+---------+---------+-------+---------
